 Dungeon Crawl Stone Soup version 0.19.4-8-ga85b6b9 (webtiles) character file.

553 Jynx the Cudgeler (level 7, -8/61 HPs)
             Began as a Minotaur Fighter on Feb 8, 2017.
             Mangled by Menkaure (20 damage)
             ... on level 5 of the Dungeon.
             The game lasted 00:05:20 (3488 turns).

Jynx the Cudgeler (Minotaur Fighter)                Turns: 3488, Time: 00:05:21

Health: -8/61      AC:  9    Str: 20    XL:     7   Next: 8%
Magic:  6/6        EV:  9    Int:  5    God:
Gold:   259        SH:  0    Dex: 12    Spells: 0 memorised, 6 levels left

rFire  . . .     SeeInvis .     a - +1 flail
rCold  . . .     Gourm    .     b - +1 scale mail
rNeg   . . .     Faith    .     (no shield)
rPois  .         Spirit   .     (helmet restricted)
rElec  .         Reflect  .     g - +0 cloak
rCorr  .         Harm     .     (no gloves)
MR     .....                    (no boots)
Stlth  ..........               h - amulet of rage
                                (no ring)
                                (no ring)

@: exhausted, starving, slowed, very slow
A: retaliatory headbutt, horns 2
a: Evoke Berserk Rage


You were on level 5 of the Dungeon.
You were starving.

You visited 1 branch of the dungeon, and saw 5 of its levels.

You collected 259 gold pieces.

Inventory:

Hand Weapons
 a - a +1 flail (weapon)
Armour
 b - a +1 scale mail (worn)
 c - a +0 shield
 g - a +0 cloak (worn)
Jewellery
 h - an amulet of rage (around neck)
Wands
 s - a wand of slowing (24/48)
Scrolls
 e - a scroll of magic mapping
 k - a scroll of teleportation
 t - 3 scrolls of identify
 u - a scroll of remove curse
 v - a scroll of amnesia
Potions
 d - 2 potions of might
 i - a potion of degeneration {unknown}
 j - a potion of cure mutation
 n - 3 potions of haste
 p - 2 potions of mutation
 q - a potion of ambrosia
Comestibles
 f - 2 bread rations
 l - 2 fruits
 m - a meat ration
 r - a beef jerky


   Skills:
 + Level 5.6 Fighting
 * Level 6.8 Maces & Flails
 + Level 5.8 Armour
 - Level 3.6 Shields


You had 6 spell levels left.
You didn't know any spells.

Dungeon Overview and Level Annotations

Branches:
Dungeon (5/15)
 Temple: D:4-7

Altars:
Dithmenos

Shops:
D:4 *

Annotations:
D:5 Menkaure


Innate Abilities, Weirdness & Mutations

You reflexively headbutt those who attack you in melee.
You have a pair of horns on your head.


Message History

You feel a strong urge to attack something.
Menkaure casts a spell.
Menkaure seems to speed up.
Found a stone staircase leading down.
Menkaure gestures at you while chanting.
Pain shoots through your body!
You feel your anger subside.
Found a falchion.
You are no longer berserk.
You are exhausted.
You feel yourself slow down.
Menkaure sighs, "Let me perform the rites..."
Menkaure calls on the powers of darkness!
Your body is wracked with pain!
Menkaure hits you!
Your scale mail prevents you from hitting Menkaure.
Menkaure hits you. Menkaure hits you!
* * * LOW HITPOINT WARNING * * *
You completely miss Menkaure. Menkaure hits you!!
You die...

#.. #.### #...#
#...#####
#>.......
#.#+##......
#........####
#)...M@....<#
#.....#.........#
#.....#.........#
#.....#.........#
#.#####.........#
.. #####....... #
#......##
+......+


You could see Menkaure.

Vanquished Creatures
  An ice beast (D:4)
  An ogre (D:4)
  A hound (D:4)
  4 orc wizards
  4 worker ants
  An iguana (D:4)
  4 adders
  An ooze (D:1)
  2 dart slugs
  A leopard gecko (D:4)
  7 orcs
  2 giant cockroaches
  8 goblins
  5 hobgoblins (D:2)
  5 jackals (D:3)
  A quokka (D:4)
  5 bats
  3 frilled lizards
  13 kobolds
  A quokka skeleton (D:4)
  4 rats
  A bush (D:3)
  A plant (D:3)
76 creatures vanquished.

Notes
Turn   | Place    | Note
-------+----------+-------------------------------------------
     0 | D:1      | Jynx the Minotaur Fighter began the quest for the Orb.
     0 | D:1      | Reached XP level 1. HP: 19/19 MP: 0/0
   163 | D:1      | Reached skill level 3 in Maces & Flails
   163 | D:1      | Reached XP level 2. HP: 18/27 MP: 1/1
   876 | D:2      | Reached XP level 3. HP: 32/33 MP: 2/2
  1380 | D:3      | Found a shadowy altar of Dithmenos.
  1437 | D:3      | Reached skill level 4 in Maces & Flails
  1669 | D:3      | Reached XP level 4. HP: 40/40 MP: 3/3
  2166 | D:4      | Noticed an ogre
  2174 | D:4      | Killed an ogre
  2174 | D:4      | Reached skill level 5 in Maces & Flails
  2174 | D:4      | Reached XP level 5. HP: 17/47 MP: 4/4
  2204 | D:3      | Reached skill level 5 in Armour
  2320 | D:4      | Reached skill level 5 in Fighting
  2488 | D:3      | Reached XP level 6. HP: 49/56 MP: 5/5
  2706 | D:4      | Noticed an ice beast
  2718 | D:4      | Killed an ice beast
  2718 | D:4      | Reached skill level 6 in Maces & Flails
  2874 | D:4      | Found Zeonkea's Assorted Antiques.
  3362 | D:4      | Reached XP level 7. HP: 55/61 MP: 6/6
  3480 | D:5      | Entered Level 5 of the Dungeon
  3480 | D:5      | Noticed Menkaure
  3488 | D:5      | Mangled by Menkaure

Skill      XL: |  1  2  3  4  5  6 |
---------------+-------------------+-----
Maces & Flails | 3 4 5 6 |  6.8
Fighting       | 4 5 |  5.6
Armour         | 4 5 |  5.8
Shields        | |  3.6

Action                   |  1- 3 |  4- 6 |  7- 9 || total
-------------------------+-------+-------+-------++-------
Melee: Flail             |   102 |   143 |    10 ||   255
       Headbutt          |    12 |    46 |     1 ||    59
 Abil: Evoke Berserk Rag |       |       |     1 ||     1
  Use: Scroll            |    14 |     1 |     1 ||    16
       Potion            |       |     2 |       ||     2
  Eat: Chunk             |     2 |     5 |       ||     7
Armor: Scale mail        |    46 |    49 |     8 ||   103
Dodge: Dodged            |    51 |    31 |     2 ||    84
